AoeStats
← cobradorxbox

Arena

507279131Analyzed
4v4 RM · 14d ago on Sep 17, 2026· 38m 0s· 8 players
Game mode
Random Map
Map size
Large (8 player)
Population
200
Speed
Normal
Resources
Standard
Victory
Conquest
Starting age
Dark Age
Ending age
Imperial Age
RankedLock teamsTeams togetherTeam positionsShared explorationLock speedFull tech treeHidden civsTurbo modeCheats
Victory
Defeat
🇨🇴 Vikings · Colombia
1062
+16
🇫🇷 Vietnamese · France
1041
+17
🇪🇸 Goths · Spain
1008
+19
🇫🇷 Ethiopians · France
1003
+20
🇹🇼 Romans · Taiwan
1115
-19
🇹🇼 Saracens · Taiwan
1067
-18
🇭🇰 Dravidians · Hong Kong SAR China
1060
-18
🇨🇳 Burgundians · China
1036
-17
110
0:32 Loom
12:09 Feudal Age
10:49 Double-Bit Axe
18:11 Castle Age
16:31 Gold Mining
16:25 Horse Collar
17:52 Town Watch
18:49 Heavy Plow
19:01 Husbandry
19:19 Stone Mining
19:16 Cavalier
20:40 Bow Saw
21:44 Scale Barding Armor
21:51 Forging
23:59 Wheelbarrow
24:30 Squires
23:50 Pikeman
25:27 Chain Barding Armor
26:01 Iron Casting
31:08 Imperial Age
30:01 Fletching
30:24 Fortified Wall
30:09 Murder Holes
31:04 Gold Shaft Mining
31:15 Scale Mail Armor
33:11 Chemistry
31:54 Elite Skirmisher
33:13 Bodkin Arrow
33:19 Padded Archer Armor
33:50 Conscription
Dark_Knight
9:04 Loom
11:14 Feudal Age
15:43 Castle Age
13:29 Double-Bit Axe
13:43 Horse Collar
16:39 Bow Saw
19:45 Gold Mining
25:06 Imperial Age
24:19 Wheelbarrow
24:15 Scale Mail Armor
24:37 Town Watch
25:06 Stone Mining
27:04 Forging
28:49 Chain Mail Armor
29:10 Iron Casting
28:48 Fletching
29:10 Masonry
29:23 Man-at-Arms
Monkidz
2:31 Loom
11:21 Feudal Age
15:43 Castle Age
13:36 Double-Bit Axe
14:50 Horse Collar
15:02 Gold Mining
15:04 Stone Mining
16:58 Bow Saw
23:12 Wheelbarrow
26:44 Redemption
27:01 Sanctity
27:29 Heavy Plow
31:04 Imperial Age
30:09 Fletching
30:20 Padded Archer Armor
30:48 Crossbowman
31:34 Thumb Ring
32:34 Conscription
32:15 Bodkin Arrow
34:00 Chemistry
33:20 Ballistics
33:29 Bracer
33:06 Onager
34:28 Hand Cart
34:07 Arbalester
34:38 Town Watch
35:02 Elite Skirmisher
38:50 Leather Archer Armor
kahohohoka
0:28 Loom
13:12 Feudal Age
14:08 Double-Bit Axe
14:05 Horse Collar
18:50 Castle Age
16:51 Gold Mining
16:51 Stone Mining
19:51 Bow Saw
19:51 Heavy Plow
19:48 Pikeman
21:28 Forging
23:28 Wheelbarrow
27:20 Hand Cart
31:56 Imperial Age
29:16 Town Watch
29:22 Town Watch
30:14 Squires
30:00 Arson
31:30 Iron Casting
30:55 Scale Mail Armor
32:01 Halberdier
33:46 Blast Furnace
33:39 Wootz Steel
33:41 Conscription
33:33 Heavy Scorpion
AlLaN
11:18 Feudal Age
16:03 Castle Age
14:57 Double-Bit Axe
14:54 Horse Collar
15:27 Gold Mining
17:38 Bow Saw
17:30 Heavy Plow
22:08 Wheelbarrow
24:07 Gold Shaft Mining
27:31 Imperial Age
25:27 Stone Mining
25:59 Fletching
26:09 Padded Archer Armor
26:18 Caravan
26:37 Hand Cart
27:54 Bodkin Arrow
28:14 Leather Archer Armor
28:28 Ballistics
27:48 Crossbowman
29:05 Thumb Ring
28:55 Arbalester
33:03 Bracer
33:34 Ring Archer Armor
36:14 Forging
36:04 Scale Mail Armor
37:20 Conscription
37:19 Torsion Engines
38:26 Chemistry
37:32 Siege Engineers
Poperis
7:13 Loom
11:05 Feudal Age
14:57 Castle Age
13:29 Double-Bit Axe
13:43 Horse Collar
16:03 Bow Saw
17:45 Wheelbarrow
21:36 Heavy Plow
21:37 Gold Mining
21:37 Stone Mining
22:48 Stone Mining
23:42 Hand Cart
25:56 Fletching
26:17 Scale Mail Armor
26:41 Bodkin Arrow
29:41 Imperial Age
26:59 Town Watch
28:07 Padded Archer Armor
28:24 Chain Mail Armor
28:48 Forging
29:13 Leather Archer Armor
29:23 Ballistics
29:11 Thumb Ring
29:12 Squires
28:33 Pikeman
29:46 Elite Fire Lancer
31:02 Plate Mail Armor
30:39 Treadmill Crane
31:59 Chemistry
32:36 Iron Casting
33:15 Siege Engineers
34:39 Two-Man Saw
34:03 Paper Money
36:36 Arson
36:58 Scale Barding Armor
36:52 Murder Holes
37:18 Bombard Tower
38:42 Stone Shaft Mining
cobradorxbox
1:29 Loom
11:08 Feudal Age
17:05 Castle Age
14:49 Horse Collar
15:09 Double-Bit Axe
19:36 Bow Saw
19:45 Heavy Plow
20:10 Gold Mining
20:16 Stone Mining
25:55 Wheelbarrow
30:09 Imperial Age
28:52 Hand Cart
29:15 Squires
28:36 Pikeman
29:18 Scale Mail Armor
29:29 Forging
30:58 Chain Mail Armor
30:18 Halberdier
31:44 Iron Casting
Laundres
10:56 Feudal Age
14:40 Castle Age
13:38 Stone Mining
14:06 Double-Bit Axe
14:29 Horse Collar
23:22 Scale Mail Armor
23:32 Forging
23:38 Forging
26:43 Heavy Plow
27:06 Chain Mail Armor
27:26 Iron Casting
33:23 Bow Saw
34:21 Gold Mining
36:28 Gold Shaft Mining
35:40 Town Watch
Connection lost

Rejoining the realm…

Still unreachable

The connection could not be restored.

Session expired

The server has moved on; the page needs a fresh start.